 Dungeon Crawl Stone Soup version 0.21.0 (webtiles) character file.

52 MDvedh the Twirler (level 3, -1/27 HPs)
             Began as a Demonspawn Gladiator on Jan 6, 2018.
             Killed from afar by an orc wizard (4 damage)
             ... with a puff of flame
             ... on level 3 of the Dungeon.
             The game lasted 00:01:38 (1576 turns).

MDvedh the Twirler (Demonspawn Gladiator)           Turns: 1576, Time: 00:01:39

Health: -1/27      AC:  5    Str: 15    XL:     3   Next: 60%
Magic:  0/3        EV: 12    Int:  9    God:
Gold:   180        SH:  0    Dex: 14    Spells: 2/2 levels left

rFire    . . .     SeeInvis .   a - +0 quarterstaff
rCold    . . .     Gourm    .   (shield currently unavailable)
rNeg     . . .     Faith    .   b - +0 leather armour
rPois    .         Spirit   +   c - +0 helmet
rElec    .         Reflect  .   (no cloak)
rCorr    .         Harm     .   (no gloves)
MR       .....                  (no boots)
Stlth    +.........             n - amulet of guardian spirit
HPRegen  0.09/turn              (no ring)
MPRegen  0.08/turn              (no ring)

@: no status effects
A: rugged brown scales 1
a: no special abilities


You were on level 3 of the Dungeon.
You were not hungry.

You visited 1 branch of the dungeon, and saw 3 of its levels.

You collected 180 gold pieces.

Inventory:

Hand Weapons
 a - a +0 quarterstaff (weapon)
Missiles
 d - 4 throwing nets (quivered)
Armour
 b - a +0 leather armour (worn)
 c - a +0 helmet (worn)
Jewellery
 n - an amulet of guardian spirit (around neck)
Scrolls
 e - a scroll of enchant armour {unknown}
 g - a scroll of teleportation {unknown}
 h - a scroll of remove curse {unknown}
 i - a scroll of noise {unknown}
 k - a scroll of fear {unknown}
 l - a scroll of immolation {unknown}
 r - a scroll of identify {unknown}
Potions
 j - 2 potions of haste {unknown}
 m - 2 potions of magic {unknown}
 o - a potion of flight {unknown}
 p - a potion of agility {unknown}
 q - a potion of heal wounds {unknown}
 s - a potion of curing {unknown}
Comestibles
 f - 5 rations


   Skills:
 - Level 2.0 Fighting
 + Level 4.2 Staves
 - Level 1.7 Throwing
 - Level 2.6 Dodging


You had 2 spell levels left.
You didn't know any spells.

Dungeon Overview and Level Annotations

Branches:
Dungeon (3/15)

Altars:
Cheibriados


Innate Abilities, Weirdness & Mutations

You are partially covered in rugged brown scales. (AC +1, +3% HP)


Message History

The orc completely misses you.
You hit the orc but do no damage.
You hear some strange, mumbled words.
A magic dart appears from out of thin air!
The magic dart hits you!
You barely miss the orc wizard. Something hits you. The orc barely misses you.
You closely miss something. Something hits you.
The orc wizard gestures at you while chanting.
The magic dart hits you! The orc barely misses you.
You barely miss something. Something barely misses you.
The orc wizard casts a spell at you. The magic dart hits you!
* * * LOW HITPOINT WARNING * * *
The orc hits you with a falchion.
* * * LOW HITPOINT WARNING * * *
You barely miss something.
You hear some strange, mumbled words.
A puff of flame appears from out of thin air!
The puff of flame hits you!
You die...

............
..........
........#
..........
.......#
.........# ......#
..........# .K...#
.....#....# #oo.#
..#.......# #@{.#
#.#.#....## ##.o.#
#.#.......# #...##
..........# ##...#
..........#
##...##
..........###...##
..#<......##...##
..##......##...#
........###...##


You could see an orc wizard, 2 orcs and a kobold.

Vanquished Creatures
  An adder (D:2)
  4 dart slugs
  A worm (D:3)
  A hobgoblin (D:2)
  8 jackals
  A quokka (D:2)
  3 bats
  2 frilled lizards
  6 kobolds (D:1)
  6 rats
33 creatures vanquished.

Notes
Turn   | Place    | Note
-------+----------+-------------------------------------------
     0 | D:1      | MDvedh the Demonspawn Gladiator began the quest for the Orb.
     0 | D:1      | Reached XP level 1. HP: 16/16 MP: 1/1
     3 | D:1      | Noticed an electric eel
     3 | D:1      | Noticed an electric eel
    51 | D:1      | Reached skill level 3 in Staves
   393 | D:1      | Gained mutation: You are partially covered in rugged brown scales. (AC +1, +3% HP) [demonic ancestry]
   393 | D:1      | Reached XP level 2. HP: 13/22 MP: 2/2
   990 | D:2      | Found a snail-covered altar of Cheibriados.
  1011 | D:2      | Reached XP level 3. HP: 23/27 MP: 3/3
  1049 | D:2      | Reached skill level 4 in Staves
  1576 | D:3      | Killed from afar by an orc wizard

Skill      XL: |  1  2  3 |
---------------+----------+-----
Staves         | 3 4 |  4.2
Fighting       | |  2.0
Throwing       | |  1.7
Dodging        | |  2.6

Action                   || total
-------------------------++-------
Melee: Quarterstaff      ||   123
 Stab: Sleeping          ||     2
  Eat: Ration            ||     1
       Chunk             ||     1
Armor: Leather armour    ||    49
Dodge: Dodged            ||   105
